 Dungeon Crawl Stone Soup version 0.22-a0-570-g58866f5 (webtiles) character file.

8514 jamsan the Spear-Bearer (level 11, -17/87 HPs)
             Began as a Merfolk Monk on June 30, 2018.
             Was an Elder of Yredelemnul.
             Demolished by a komodo dragon (22 damage)
             ... on level 1 of the Lair of Beasts.
             The game lasted 00:47:17 (13102 turns).

jamsan the Spear-Bearer (Merfolk Monk)             Turns: 13102, Time: 00:47:18

Health: -17/87     AC: 17    Str: 28    XL:     11   Next: 32%
Magic:  0/18       EV: 11    Int: 10    God:    Yredelemnul [****..]
Gold:   717        SH: 11    Dex: 23    Spells: 10/10 levels left

rFire    . . .     SeeInvis .   v - +4 scimitar of Wurahorgh {slice, Str+4 Dex+2}
rCold    . . .     Gourm    .   L - +2 shield
rNeg     . . .     Faith    .   D - +2 plate armour {MR+}
rPois    .         Spirit   +   (no helmet)
rElec    .         Reflect  .   (no cloak)
rCorr    .         Harm     .   N - +0 pair of gloves
MR       +....                  (no boots)
Stlth    ..........             q - amulet of guardian spirit
HPRegen  0.24/turn              m - +4 ring of dexterity
MPRegen  0.16/turn              g - +3 ring of strength

@: mighty, drained
A: change form in water, swift swim, stealthy swim, iridescent scales 1, strong
1
a: Recall Undead Slaves, Injury Mirror, Animate Dead, Drain Life, Renounce
Religion


You were on level 1 of the Lair of Beasts.
You worshipped Yredelemnul.
Yredelemnul was greatly pleased with you.
You were hungry.

You visited 3 branches of the dungeon, and saw 14 of its levels.

You collected 717 gold pieces.

Inventory:

Hand Weapons
 a - a +0 spear
 v - the +4 scimitar of Wurahorgh (weapon) {slice, Str+4 Dex+2}
   (You found it on level 4 of the Dungeon)

   It inflicts extra damage upon your enemies.
   It affects your strength (+4).
   It affects your dexterity (+2).
Missiles
 o - 145 stones (quivered)
Armour
 p - a +1 scale mail
 y - the +1 ring mail of Leapfrog {rPois Regen+ Int-5}
   (You found it on level 5 of the Dungeon)

   It affects your intelligence (-5).
   It protects you from poison.
   It increases your rate of regeneration.
 D - a +2 plate armour of magic resistance (worn)
 L - a +2 shield (worn)
 N - a +0 pair of gloves (worn)
Jewellery
 g - a +3 ring of strength (right hand)
 m - a +4 ring of dexterity (left hand)
 q - an amulet of guardian spirit (around neck)
 t - an uncursed ring of protection from fire
 H - an uncursed ring of positive energy
 K - an uncursed ring of stealth
Wands
 b - a wand of random effects (6)
 s - a wand of polymorph (46)
 O - a wand of digging (8)
Scrolls
 e - a scroll of teleportation
 i - 4 scrolls of remove curse
 j - 2 scrolls of vulnerability {unknown}
 n - 4 scrolls of immolation
 w - 4 scrolls of amnesia
 x - 4 scrolls of fear {unknown}
 z - a scroll of brand weapon {unknown}
 A - 2 scrolls of fog {unknown}
 E - 2 scrolls of enchant weapon {unknown}
 F - 3 scrolls of magic mapping
 J - a scroll of noise {unknown}
 P - a scroll of identify
 Q - a scroll of enchant armour
Potions
 d - 8 potions of curing
 f - a potion of magic {unknown}
 h - 3 potions of lignification
 k - 2 potions of flight
 l - a potion of haste
 r - 2 potions of ambrosia
 u - 2 potions of might
 B - 2 potions of heal wounds
 C - 3 potions of degeneration
 G - a potion of berserk rage {unknown}
 I - a potion of brilliance
 M - a potion of resistance {unknown}
Comestibles
 c - 7 rations


   Skills:
 + Level 8.8 Fighting
 - Level 14.1(14.0) Polearms
 + Level 4.4(4.3) Armour
 + Level 8.9(8.8) Dodging
 - Level 2.1 Stealth
 - Level 9.3(9.2) Invocations


You had 10 spell levels left.
You didn't know any spells.
Your spell library contained the following spells:

 Spells                   Type           Power        Failure   Level  Hunger
 Throw Frost              Conj/Ice       #.....       100%        2    ###....
 Freeze                   Ice            #...         100%        1    ##.....
 Summon Ice Beast         Ice/Summ       #.......     100%        4    #####..
 Ozocubu's Armour         Chrm/Ice       #.......     100%        3    ####...
 Throw Icicle             Conj/Ice       #.......     100%        4    #####..


Dungeon Overview and Level Annotations

Branches:
Dungeon (11/15)            Temple (1/1) D:4            Lair (2/6) D:10
  Swamp: Lair:2-4    Shoals: Lair:2-4     Snake: Lair:2-4    Spider: Lair:2-4
    Orc: D:9-12

Altars:
Ashenzari
Cheibriados
Dithmenos
Elyvilon
Fedhas
Gozag
Hepliaklqana
Kikubaaqudgha
Makhleb
Nemelex Xobeh
Okawaru
Qazlal
Ru
Sif Muna
Trog
Uskayaw
Vehumet
Wu Jian
Xom
Yredelemnul
Zin
The Shining One

Shops:
D:6 *   D:7 *

Annotations:
D:5 Grinder
D:8 Joseph
D:9 Maurice
D:10 1 runed door, kae's ghost, novice MfIE


Innate Abilities, Weirdness & Mutations

You revert to your normal form in water.
You are very nimble and swift while swimming.
You are very stealthy in the water. (Stealth+)
You are partially covered in iridescent scales. (AC +2)
Your muscles are strong. (Str +2)


Message History

* * * LOW HITPOINT WARNING * * *
You hit the komodo dragon.
The komodo dragon is moderately wounded.
You block the komodo dragon's attack.
You completely miss the komodo dragon.
The komodo dragon is moderately wounded.
You block the komodo dragon's attack. x2
You hit the komodo dragon but do no damage.
The komodo dragon is moderately wounded.
You block the komodo dragon's attack.
You slash the komodo dragon!
The komodo dragon is heavily wounded.
The komodo dragon bites you!
* * * LOW HITPOINT WARNING * * *
The komodo dragon barely misses you.
You closely miss the komodo dragon.
The komodo dragon is heavily wounded.
The komodo dragon bites you!!
You die...
Your body rises from the dead as a mindless zombie.

.#...##.......#..................
##...##......##......#...........
++...####.+####............#.....
##...##.##.####............#.....
##...................).....+.....
##...................#.....#.....
.....................#######.....
.................................
................@l...............
.................................
.......#.####(.#.................
......##########...###'.##.......
###...##......##...# #.####......
###...##.......#...###.###P......
.##...##......##...##..l###......
......##......##...###...##......
.##...##......##...# #...l...l...


You could see a komodo dragon.

Vanquished Creatures
  An unseen horror (D:10)
  A manticore (D:11)
  2 komodo dragons
  A hornet (D:8)
  Prince Ribbit (D:8)
  A hippogriff (D:6)
  A meliai zombie (D:10)
  2 shadows (D:11)
  A spriggan (D:8)
  A wraith (D:8)
  A hungry ghost (D:10)
  A soldier ant (D:10)
  2 wargs (D:10)
  2 water moccasins (Lair:1)
  3 orc warriors
  5 ice beasts
  5 sky beasts
  A hornet zombie (D:10)
  A phantom (D:10)
  5 ogres
  An eye of draining (D:10)
  2 crocodiles (Lair:1)
  8 bullfrogs
  A scorpion (D:11)
  2 killer bees (D:8)
  3 howler monkeys
  A crimson imp (D:8)
  A centaur zombie (D:7)
  8 orc wizards
  4 orc priests
  2 hounds
  A jelly (D:5)
  2 centaur skeletons
  Natasha (thrice) (D:4)
  2 iguanas
  2 hell rats (Lair:1)
  6 worker ants
  A killer bee zombie (D:5)
  3 howler monkey skeletons
  2 worker ant zombies (D:5)
  4 river rats (Lair:1)
  7 adders
  3 shadow imps
  3 oozes
  An adder zombie (D:9)
  An adder skeleton (D:7)
  3 worms
  8 dart slugs
  4 leopard geckos
  18 orcs
  5 giant cockroaches
  5 goblins
  11 hobgoblins
  4 jackals (D:1)
  5 quokkas
  2 ball pythons (D:3)
  9 bats
  4 frilled lizards
  9 kobolds
  11 rats
210 creatures vanquished.

Vanquished Creatures (collateral kills)
  A deep elf mage (D:11)
  A komodo dragon (Lair:1)
  A rime drake (Lair:1)
  A tengu conjurer (D:11)
  A slime creature (D:11)
  A hippogriff (D:11)
  A meliai zombie (D:11)
  An ogre (D:6)
  A phantom (D:11)
  A centaur (D:6)
  3 bullfrogs
  A wyvern skeleton (D:10)
  A howler monkey (D:6)
  A crimson imp (D:11)
  A hound (D:6)
  An adder (D:11)
  A river rat (Lair:1)
  4 orcs
  A quokka (D:7)
  A jackal skeleton (D:6)
  3 rats (Lair:1)
28 creatures vanquished.

Vanquished Creatures (others)
  4 flying skulls (D:11)
  A manticore zombie (D:11)
  A komodo dragon zombie (Lair:1)
  2 water moccasin zombies (Lair:1)
  A warg zombie (D:10)
  A wight (Lair:2)
  5 bullfrog zombies
  A soldier ant zombie (D:10)
  A hound zombie (D:10)
  A mummy (D:11)
  A howler monkey zombie (D:11)
  A scorpion zombie (D:11)
  2 adder zombies
  2 orc zombies (D:10)
  A river rat zombie (Lair:1)
  2 rat zombies (Lair:1)
27 creatures vanquished.

Grand Total: 265 creatures vanquished

Notes
Turn   | Place    | Note
-------+----------+-------------------------------------------
     0 | D:1      | jamsan the Merfolk Monk began the quest for the Orb.
     0 | D:1      | Reached XP level 1. HP: 18/18 MP: 1/1
   155 | D:1      | Reached skill level 5 in Polearms
   185 | D:1      | Reached XP level 2. HP: 22/24 MP: 2/2
   822 | D:1      | Reached skill level 6 in Polearms
   822 | D:1      | Reached XP level 3. HP: 28/29 MP: 3/3
   883 | D:1      | Found a shimmering altar of Xom.
  1523 | D:2      | Reached skill level 7 in Polearms
  1523 | D:2      | Reached XP level 4. HP: 24/35 MP: 4/4
  1903 | D:2      | Found a snail-covered altar of Cheibriados.
  1993 | D:2      | Found a glowing golden altar of the Shining One.
  2322 | D:3      | Reached skill level 8 in Polearms
  2376 | D:3      | Reached XP level 5. HP: 36/41 MP: 5/5
  2842 | D:3      | Found a sacrificial altar of Ru.
  3047 | D:4      | Reached skill level 9 in Polearms
  3417 | D:4      | Noticed Natasha
  3442 | D:4      | Killed Natasha
  3679 | D:4      | Noticed Natasha
  3691 | D:4      | Killed Natasha
  3691 | D:4      | Reached XP level 6. HP: 19/47 MP: 6/6
  4045 | D:4      | Noticed Natasha
  4059 | D:4      | Killed Natasha
  4059 | D:4      | Reached skill level 10 in Polearms
  4467 | D:4      | Found a staircase to the Ecumenical Temple.
  4640 | Temple   | Entered the Ecumenical Temple
  4791 | Temple   | Became a worshipper of Yredelemnul the Dark
  4791 | Temple   | Reached * piety under Yredelemnul
  4791 | Temple   | Reached ** piety under Yredelemnul
  5058 | D:4      | Reached skill level 1 in Invocations
  5058 | D:4      | Reached XP level 7. HP: 51/52 MP: 5/8
  5483 | D:4      | Got an ichor-stained scimitar
  5484 | D:4      | Identified the +4 scimitar of Wurahorgh {slice, Str+4 Dex+2} (You found it on level 4 of the Dungeon)
  5507 | D:5      | Entered Level 5 of the Dungeon
  5751 | D:5      | Got a twisted ring mail
  5762 | D:5      | Identified the +1 ring mail of Leapfrog {rPois Regen+ Int-5} (You found it on level 5 of the Dungeon)
  5814 | D:5      | Reached skill level 11 in Polearms
  5825 | D:5      | Noticed Grinder
  6080 | D:6      | Reached XP level 8. HP: 37/61 MP: 6/10
  6263 | D:6      | Reached skill level 5 in Fighting
  6307 | D:6      | Noticed a hippogriff
  6314 | D:6      | Killed a hippogriff
  6415 | D:6      | Found Daibakle's Elemental Accessories.
  6597 | D:6      | Reached skill level 12 in Polearms
  6599 | D:6      | Reached skill level 5 in Invocations
  6920 | D:7      | Found Unoxumy's General Store.
  7109 | D:7      | You fall through a shaft for 3 floors!
  7109 | D:10     | Entered Level 10 of the Dungeon
  7196 | D:10     | Found a runed door.
  7198 | D:10     | Noticed kae's ghost (novice MfIE)
  7255 | D:10     | Reached XP level 9. HP: 61/69 MP: 9/13
  7574 | D:8      | Noticed Joseph
  7758 | D:8      | Noticed a hornet
  7767 | D:8      | Reached skill level 13 in Polearms
  8065 | D:7      | Found a bloodstained altar of Trog.
  8797 | D:8      | Reached *** piety under Yredelemnul
  9005 | D:8      | Found an iron altar of Okawaru.
  9038 | D:8      | Reached skill level 1 in Armour
  9089 | D:8      | Reached skill level 5 in Dodging
  9094 | D:8      | Reached XP level 10. HP: 65/79 MP: 11/15
  9140 | D:8      | Noticed Prince Ribbit
  9151 | D:8      | Killed Prince Ribbit
  9244 | D:8      | Found a stormy altar of Qazlal.
  9621 | D:9      | Noticed Maurice
  9751 | D:10     | Gained mutation: Your muscles are strong. (Str +2) [potion of mutation]
  9751 | D:10     | Gained mutation: You are partially covered in iridescent scales. (AC +2) [potion of mutation]
  9759 | D:10     | Killed an unseen horror
  9998 | D:10     | Found a hazy altar of Hepliaklqana.
 10038 | D:10     | Found a staircase to the Lair.
 10052 | D:10     | Reached skill level 14 in Polearms
 11038 | D:11     | Noticed a manticore
 11396 | D:11     | Killed a manticore
 11548 | D:11     | Received a gift from Yredelemnul (a mummy)
 11843 | D:11     | Found the +6 shillelagh "Devastator" {shatter}
 11851 | D:11     | Reached XP level 11. HP: 71/86 MP: 14/18
 11928 | D:11     | Received a gift from Yredelemnul (4 flying skulls)
 11930 | D:11     | Noticed a deep elf mage
 11940 | D:11     | Killed a deep elf mage
 11946 | D:11     | Noticed a cyclops
 11947 | D:11     | Noticed a two-headed ogre
 12118 | Lair:1   | Entered Level 1 of the Lair of Beasts
 12429 | Lair:1   | Reached **** piety under Yredelemnul
 12604 | Lair:1   | Received a gift from Yredelemnul (a wight)
 13101 | Lair:1   | HP: 4/87 [komodo dragon (8)]
 13102 | Lair:1   | Demolished by a komodo dragon

Vault maps used:
D:1:      nicolae_arrival_memento_mori, xom_teletrap_fun
D:2:      tso_altar, kennysheep_slug_shrine, minmay_fountain_box
D:3:      marbit_many_paths, first_ration
D:4:      minmay_temple_entry_junction, uniq_natasha
D:5:      uniq_grinder
D:6:      nicolae_elemental_shop
D:7:      serial_shops, shop, trog_book
D:8:      nicolae_overflow_hidden_temple, lemuel_coloured_pillars_altar,
          grunt_pizzeria, uniq_joseph, uniq_prince_ribbit1
D:9:      serial_bayou_pond_e, uniq_erica, uniq_maurice
D:10:     erik_lair_orcish_takeover, serial_glass, glass_columns_b,
          glass_columns_a, basic_altar, ebering_ghost_inner_flame
D:11:     minivault_28
Temple:   regret_index_temple_sphere_string
Lair:1:   kennysheep_abandoned_house
Lair:2:   cheibrodos_lair_reptile_den, grunt_megastairs_5,
          infiniplex_staircase_pool, lemuel_fruit_tree

Skill      XL: |  1  2  3  4  5  6  7  8  9 10 11 |
---------------+----------------------------------+-----
Polearms       | 5 6 7 8 9 10 11 12 13 14 | 14.1
Invocations    | 1 3 5 7 9 |  9.3
Fighting       | 4 6 7 8 |  8.8
Armour         | 1 3 4 |  4.4
Dodging        | 5 7 8 |  8.9
Stealth        | |  2.1

Action                   |  1- 3 |  4- 6 |  7- 9 | 10-12 || total
-------------------------+-------+-------+-------+-------++-------
Melee: Spear             |   126 |   261 |     9 |       ||   396
       Scimitar          |       |       |   178 |   221 ||   399
       Tailslap          |       |       |       |     1 ||     1
Throw: Stone             |     3 |    59 |   114 |    81 ||   257
Invok: Animate Remains   |       |       |    12 |       ||    12
       Injury Mirror     |       |       |     1 |       ||     1
       Recall Undead Sla |       |       |     3 |     1 ||     4
       Animate Dead      |       |       |       |    30 ||    30
Evoke: Wand              |       |       |     4 |     7 ||    11
  Use: Potion            |       |     3 |       |     6 ||     9
       Scroll            |       |     6 |     4 |     9 ||    19
 Stab: Sleeping          |     7 |     3 |       |     1 ||    11
       Distracted        |       |       |     2 |       ||     2
  Eat: Chunk             |     2 |     5 |     5 |     5 ||    17
       Ration            |       |     2 |     4 |     5 ||    11
Armor: Robe              |     8 |       |       |       ||     8
       Scale mail        |     5 |    26 |     5 |       ||    36
       Ring mail         |       |       |    64 |    53 ||   117
       Plate armour      |       |       |       |    50 ||    50
Dodge: Dodged            |    50 |    78 |   129 |   183 ||   440
Block: Shield            |       |       |       |    79 ||    79
       Rpst.: Scimitar   |       |       |    48 |    51 ||    99

Table legend:
 A = Spawn XP
 B = Non-spawn XP
 C = Spawn XP percentage of total XP
 D = Spawn monster count
 E = Non-spawn monster count
 F = Spawn count percentage of total count
 G = Total turns spent on level
                    A         B        C        D         E        F      G
               +---------+---------+-------+---------+---------+-------+---------
         Total |       0 |   12164 |   0.0 |       0 |     238 |   0.0 | 13102
               +---------+---------+-------+---------+---------+-------+---------
           D:1 |       0 |      55 |   0.0 |       0 |      27 |   0.0 |  1339
           D:2 |       0 |     101 |   0.0 |       0 |      24 |   0.0 |   891
           D:3 |       0 |      70 |   0.0 |       0 |      24 |   0.0 |   772
           D:4 |       0 |     446 |   0.0 |       0 |      18 |   0.0 |  2327
           D:5 |       0 |     251 |   0.0 |       0 |       9 |   0.0 |   473
           D:6 |       0 |    1098 |   0.0 |       0 |      21 |   0.0 |   760
           D:7 |       0 |     255 |   0.0 |       0 |      12 |   0.0 |   851
           D:8 |       0 |    2249 |   0.0 |       0 |      20 |   0.0 |  1267
           D:9 |       0 |     340 |   0.0 |       0 |      12 |   0.0 |   621
          D:10 |       0 |    3021 |   0.0 |       0 |      30 |   0.0 |  1853
          D:11 |       0 |    2706 |   0.0 |       0 |      19 |   0.0 |   786
        Lair:1 |       0 |    1572 |   0.0 |       0 |      22 |   0.0 |   972
               +---------+---------+-------+---------+---------+-------+---------
